AoeStats
← LukeMafra

Black Forest

505057806Analyzed
3v3 RM · 25d ago on Sep 7, 2026· 43m 32s· 6 players
Game mode
Random Map
Map size
Normal (6 player)
Population
200
Speed
Normal
Resources
Standard
Victory
Conquest
Starting age
Dark Age
Ending age
Imperial Age
RankedLock teamsTeams togetherTeam positionsShared explorationLock speedFull tech treeHidden civsTurbo modeCheats
Victory
Defeat
🇧🇷 Franks · Brazil
500
+14
🇧🇷 Vikings · Brazil
462
+15
🇧🇷 Spanish · Brazil
459
+15
🇬🇧 Inca · United Kingdom
461
-15
🇷🇴 Franks · Romania
455
-15
🇩🇰 Teutons · Denmark
423
-14
alexdoctorofsoul
14:31 Feudal Age
16:53 Double-Bit Axe
18:42 Gold Mining
18:43 Stone Mining
25:29 Castle Age
27:32 Bow Saw
29:18 Caravan
31:08 Wheelbarrow
32:42 Fortified Wall
32:23 Guard Tower
33:30 Gold Shaft Mining
33:37 Hand Cart
38:36 Imperial Age
39:43 Chivalry
41:39 Chemistry
40:04 Cavalier
41:05 Paladin
fight for your rights
0:38 Loom
14:18 Feudal Age
14:49 Double-Bit Axe
18:03 Horse Collar
21:19 Town Watch
24:21 Wheelbarrow
23:48 Gold Mining
23:49 Stone Mining
29:02 Castle Age
27:46 Scale Barding Armor
30:00 Bow Saw
29:53 Heavy Plow
35:57 Town Patrol
37:19 Hand Cart
38:39 Chain Barding Armor
38:23 Scale Mail Armor
38:34 Forging
39:13 Stone Shaft Mining
41:26 Imperial Age
41:08 Chain Mail Armor
42:29 Iron Casting
42:57 Plate Barding Armor
42:52 Plate Mail Armor
Leggy Mountbatten
0:31 Loom
15:58 Feudal Age
21:17 Castle Age
19:08 Double-Bit Axe
19:04 Horse Collar
19:22 Gold Mining
19:36 Stone Mining
22:42 Wheelbarrow
22:04 Arson
22:20 Squires
21:41 Pikeman
22:41 Padded Archer Armor
23:25 Bow Saw
24:21 Heavy Plow
24:59 Gold Shaft Mining
25:41 Caravan
27:07 Stone Shaft Mining
28:07 Leather Archer Armor
27:46 Town Watch
30:40 Forging
30:21 Fletching
30:33 Scale Mail Armor
32:07 Hand Cart
33:33 Chain Mail Armor
33:54 Iron Casting
33:52 Town Patrol
33:21 Elite Skirmisher
34:11 Bodkin Arrow
40:33 Imperial Age
38:25 Andean Sling
41:25 Guard Tower
41:43 Siege Engineers
41:25 Arrowslits
LukeMafra
8:16 Loom
12:04 Feudal Age
20:40 Castle Age
18:59 Double-Bit Axe
23:12 Gold Mining
24:24 Bow Saw
30:01 Wheelbarrow
29:31 Padded Archer Armor
29:37 Scale Barding Armor
30:41 Gold Shaft Mining
31:31 Stone Mining
32:05 Leather Archer Armor
32:10 Chain Barding Armor
32:05 Forging
33:35 #83
35:48 Imperial Age
37:09 Elite Throwing Axeman
37:21 Cavalier
39:50 Chivalry
42:38 Plate Barding Armor
42:44 Iron Casting
GuiGuimaraes
1:12 Loom
17:21 Feudal Age
23:57 Castle Age
23:38 Double-Bit Axe
33:19 Imperial Age
30:23 Crossbowman
31:21 Fletching
31:33 Padded Archer Armor
31:15 Treadmill Crane
31:56 Horse Collar
33:26 Bodkin Arrow
35:21 Leather Archer Armor
35:41 Arbalester
36:52 Bow Saw
37:44 Conscription
37:59 Ballistics
38:07 Bracer
38:38 Ring Archer Armor
38:08 Gold Mining
38:13 Stone Mining
38:27 Heavy Plow
39:31 Two-Man Saw
39:38 Bogsveigar
39:52 Masonry
39:53 Fortified Wall
42:13 Fervor
42:18 Siege Engineers
43:14 Chemistry
42:34 Forging
42:26 Scale Mail Armor
43:54 Iron Casting
43:35 Chain Mail Armor
Coronel Calcinha
13:27 Feudal Age
15:55 Double-Bit Axe
17:22 Stone Mining
17:39 Horse Collar
20:33 Gold Mining
24:12 Castle Age
23:56 Man-at-Arms
24:22 Arson
25:11 Long Swordsman
25:12 Pikeman
25:37 Gambesons
25:52 Squires
26:03 Heavy Plow
29:48 Bow Saw
37:48 Scale Barding Armor
37:43 Scale Mail Armor
37:54 Forging
37:34 Fletching
37:45 Padded Archer Armor
42:21 Imperial Age
43:09 Elite Conquistador
Connection lost

Rejoining the realm…

Still unreachable

The connection could not be restored.

Session expired

The server has moved on; the page needs a fresh start.